 Dungeon Crawl Stone Soup version 0.32-a0-42-ga30500b4d3 (webtiles) character file.

Game seed: 9873419574381688905

2457 Newt the Skirmisher (level 9, -2/53 HPs)
             Began as a Kobold Hunter on Jan 31, 2024.
             Was a Follower of Hepliaklqana.
             Slain by a wraith (7 damage)
             ... on level 6 of the Dungeon.
             The game lasted 00:06:54 (6659 turns).

Newt the Skirmisher (Kobold Hunter)                 Turns: 6659, Time: 00:06:54

Health: -2/53      AC:  8    Str:  9    XL:     9   Next: 79%
Magic:  9/9        EV: 15    Int: 10    God:    Hepliaklqana [*.....]
Gold:   256        SH:  5    Dex: 22    Spells: 8/8 levels left

rFire   . . .        a - +1 shortbow
rCold   . . .        (shield currently unavailable)
rNeg    . . .        c - +0 leather armour
rPois   .            (no helmet)
rElec   .            r - +0 cloak
rCorr   .            u - +0 pair of gloves
SInv    .            h - +2 pair of boots
Will    .....        o - amulet of reflection
Stlth   +++          (no ring)
HPRegen 0.28/turn    (no ring)
MPRegen 0.11/turn

%: reflection
@: slowed, very slow
A: reduced essence, small, no large weapons, nightstalker 3
a: Renounce Religion, Recall Ancestor, Ancestor Identity


You were on level 6 of the Dungeon.
You worshipped Hepliaklqana.
Hepliaklqana was aware of your devotion.
You visited 2 branches of the dungeon, and saw 7 of its levels.

You collected 256 gold pieces.

Inventory:

Hand Weapons
 a - a +1 shortbow (weapon)
Armour
 c - a +0 leather armour (worn)
 h - a +2 pair of boots (worn)
 r - a +0 cloak (worn)
 u - a +0 pair of gloves (worn)
Jewellery
 k - a ring of resist corrosion
 o - an amulet of reflection (around neck)
Wands
 e - a wand of charming (8)
 s - a wand of flame (19)
 t - a wand of mindburst (13)
Scrolls
 b - a scroll of enchant armour
 j - 2 scrolls of fog
 n - 2 scrolls of vulnerability
 q - a scroll of teleportation
Potions
 d - 3 potions of might
 f - a potion of magic
 g - a potion of berserk rage
 i - a potion of degeneration
 l - a potion of heal wounds {unknown}
 m - 3 potions of enlightenment
 p - a potion of lignification {unknown}


   Skills:
 + Level 8.3 Fighting
 * Level 14.0 Ranged Weapons
 - Level 2.4 Dodging
 - Level 1.3 Stealth


You had 8 spell levels left.
You didn't know any spells.
Your spell library contained the following spells:

 Spells                   Type           Power      Damage    Failure   Level
 Kiss of Death            Conj/Necr      0%         2d5       47%         1
 Confusing Touch          Hex            0%         N/A       85%         3
 Dispel Undead            Necr           0%         3d6       99%         4


Dungeon Overview and Level Annotations

Branches:
Dungeon (6/15)             Temple (1/1) D:5

Altars:
Ashenzari
Dithmenos
Elyvilon
Fedhas
Gozag
Hepliaklqana
Qazlal
Uskayaw
Vehumet
Wu Jian
Xom
Yredelemnul
Zin
The Shining One

Shops:
D:4 (


Innate Abilities, Weirdness & Mutations

Your life essence is reduced to manifest your ancestor. (-10% HP)
You are small and have problems with some larger weapons.
You are completely attuned to the shadows.


Message History

Press: ? - help, Shift-Dir - straight line, f/p - wraith
Aim: a wraith (severely damaged, 73% to hit)
You shoot an arrow.
The arrow hits the wraith but does no damage.
The wraith is severely damaged.
You block the wraith's attack.
You shoot an arrow.
The arrow hits the wraith but does no damage.
The wraith is severely damaged.
The wraith hits you but does no damage.
Unknown command.
You shoot an arrow. The arrow barely misses the wraith.
You shoot an arrow.
The arrow hits the wraith but does no damage.
The wraith is severely damaged.
The wraith hits you!
* * * LOW HITPOINT WARNING * * *
The wraith drains your vigour!
You feel yourself slow down.
Unknown command.
Unknown command.
You shoot an arrow. The arrow hits the wraith.
The wraith is almost destroyed.
The wraith hits you.
* * * LOW HITPOINT WARNING * * *
Unknown command.
Unknown command.
You shoot an arrow. The arrow completely misses the wraith.
You block the wraith's attack.
Unknown command.
Unknown command.
Okay, then.
Aiming: Throw Flame
Press: ? - help, Shift-Dir - straight line, f/p - wraith
Aim: a wraith (almost destroyed, 68% to hit)
The puff of flame misses the wraith.
The wraith hits you.
* * * LOW HITPOINT WARNING * * *
The wraith drains your vigour!
You feel as though you will be slow longer.
The wraith hits you!
You die...

<.... #.#
#...............# .....
#.# ##..............#
oW).[ .###.##
##..............## o####
...[..#
#......#.#.#...... ..#
##..#.#
#.#....#...#....#. ...#
#....###.#.#.##..#####..)
.... ##..>..#.#.#.##..#
..... ...
#...#.#.#...#..## ^.... .
...#...W@........# .....
...###.#..)...##.#. .^...
.. #........# .^. ..^.
.........##...
..........<....
.............^ .....##.#.
.....# .# ..##.# #


You could see a wraith.

Vanquished Creatures
  Pikel (D:4)
  Jeremiah (D:6)
  Grinder (D:3)
  Eustachio (D:5)
  Menkaure (D:5)
  A water moccasin (D:5)
  Duvessa (D:5)
  An ice beast (D:5)
  A lemure (D:4)
  A wight (D:6)
  A bombardier beetle (D:5)
  2 jellies (D:5)
  2 orc priests (D:3)
  A gnoll bouda (D:6)
  2 hounds
  Crazy Yiuf (D:5)
  3 iguanas
  Ijyb (D:5)
  3 orc wizards
  6 adders
  2 white imps
  2 dart slugs
  2 ribbon worms
  18 orcs
  4 endoplasms
  2 giant cockroaches
  9 goblins
  4 hobgoblins
  3 kobolds
  7 quokkas
  9 ball pythons
  3 bats
  2 frilled lizards
  5 rats
104 creatures vanquished.

Vanquished Creatures (collateral kills)
  A water moccasin (D:5)
  An orc warrior (D:5)
  Dowan (D:5)
  A wight (D:6)
4 creatures vanquished.

Vanquished Creatures (others)
  3 ancestors
3 creatures vanquished.

Grand Total: 111 creatures vanquished

Notes
Turn   | Place    | Note
-------+----------+-------------------------------------------
     0 | D:1      | Newt the Kobold Hunter began the quest for the Orb.
     0 | D:1      | Reached XP level 1. HP: 12/12 MP: 1/1
   233 | D:1      | Reached XP level 2. HP: 18/18 MP: 2/2
   992 | D:2      | Reached skill level 6 in Ranged Weapons
   997 | D:2      | Reached XP level 3. HP: 22/22 MP: 3/3
  1156 | D:2      | Reached XP level 4. HP: 28/28 MP: 4/4
  1443 | D:2      | Found a faded altar of an unknown god.
  2247 | D:3      | Reached skill level 7 in Ranged Weapons
  2247 | D:3      | Reached XP level 5. HP: 32/32 MP: 5/5
  2559 | D:3      | Noticed Grinder
  2568 | D:3      | Killed Grinder
  2569 | D:3      | Reached skill level 8 in Ranged Weapons
  2569 | D:3      | Reached XP level 6. HP: 21/39 MP: 6/6
  2667 | D:3      | Reached XP level 7. HP: 44/44 MP: 7/7
  2896 | D:4      | Found Dueho's Weapon Shoppe.
  2940 | D:4      | Noticed Pikel
  2987 | D:4      | Killed Pikel
  2988 | D:4      | Reached skill level 10 in Ranged Weapons
  2988 | D:4      | Reached XP level 8. HP: 11/51 MP: 8/8
  3490 | D:4      | Found a stormy altar of Qazlal.
  4133 | D:5      | Entered Level 5 of the Dungeon
  4216 | D:5      | Reached skill level 11 in Ranged Weapons
  4383 | D:5      | Noticed Eustachio
  4405 | D:5      | Killed Eustachio
  4427 | D:5      | Found a runed translucent door.
  4430 | D:5      | Noticed Crazy Yiuf
  4441 | D:5      | Killed Crazy Yiuf
  4686 | D:5      | Found a staircase to the Ecumenical Temple.
  4728 | Temple   | Entered the Ecumenical Temple
  4744 | Temple   | Became a worshipper of Hepliaklqana the Forgotten
  5165 | D:5      | Noticed Duvessa
  5165 | D:5      | Noticed Dowan
  5181 | D:5      | Killed Dowan
  5182 | D:5      | Reached skill level 12 in Ranged Weapons
  5184 | D:5      | Your ally Duvessa died
  5185 | D:5      | Reached XP level 9. HP: 52/57 MP: 9/9
  5206 | D:5      | Noticed Ijyb
  5218 | D:5      | Killed Ijyb
  5307 | D:5      | Noticed Menkaure
  5310 | D:5      | Killed Menkaure
  5504 | D:5      | Reached * piety under Hepliaklqana
  5946 | D:5      | Reached skill level 13 in Ranged Weapons
  6599 | D:6      | Noticed Jeremiah
  6612 | D:6      | Killed Jeremiah
  6613 | D:6      | Reached skill level 14 in Ranged Weapons
  6659 | D:6      | Slain by a wraith

Illustrated notes

Levels and vault maps discovered:
D:1:      ebering_trefoil_3fold, layout_basic, amcnicky_mini_pool_small,
          moated_statue, nrook_mini_vaults
D:2:      layout_loops_cross, basic_ecumenical_altar, kennysheep_cluttered_room,
          minmay_tetromino_i2
D:3:      layout_loops_ring, minmay_misc_feat_hallway, uniq_grinder
D:4:      layout_cave_pods, nicolae_qazlal_scattered_showers, serial_shops,
          nicolae_square_shop, uniq_pikel
D:5:      layout_gridville, minmay_temple_entry_statues_fountains,
          chequers_serial_rivers_small_3, uniq_menkaure, uniq_duvessa,
          uniq_ijyb, uniq_eustachio, uniq_crazy_yiuf_cottage
D:6:      cheibrodos_fzero, layout_rooms, roderic_serpentine_path, minmay_holes,
          uniq_jeremiah, uniq_prince_ribbit1
Temple:   nicolae_temple_god_jail

Skill      XL: |  1  2  3  4  5  6  7  8  9 |
---------------+----------------------------+-----
Ranged Weapons | 6 7 8 10 12 14 | 14.0
Fighting       | 3 4 6 7 8 |  8.3
Dodging        | |  2.4
Stealth        | |  1.3

Action                     |  1- 3 |  4- 6 |  7- 9 || total
---------------------------+-------+-------+-------++-------
  Melee: Shortbow          |       |       |     4 ||     4
   Fire: Shortbow          |    68 |   112 |   285 ||   465
 Invoke: Recall Ancestor   |       |       |     1 ||     1
  Evoke: Wand              |       |       |     6 ||     6
    Use: Scroll            |     4 |     9 |     6 ||    19
         Potion            |       |       |     2 ||     2
 Armour: Leather armour    |    17 |    20 |    97 ||   134
  Dodge: Dodged            |    31 |    29 |    76 ||   136
  Block: Other             |       |       |    26 ||    26
         Reflection        |       |       |     1 ||     1

Table legend: (Time is in decaauts)
 A = Elapsed time spent in this place.
 B = Non-inter-level travel time spent in this place.
 C = Inter-level travel time spent in this place.
 D = Time resting spent in this place.
 E = Time spent auto-exploring this place.
 F = Levels seen in this place.
 G = Mean time per level.
                   A        B        C        D        E       F      G
               +--------+--------+--------+--------+--------+-----+--------+
         Total |   6636 |   6312 |    324 |   1275 |   4226 |   7 |  948.0 |
       Dungeon |   6606 |   6308 |    298 |   1275 |   4226 |   6 | 1101.0 |
        Temple |     30 |      5 |     25 |      0 |      0 |   1 |   30.0 |
               +--------+--------+--------+--------+--------+-----+--------+

Top non-repeatable levels by time:
     D:5: 1971 daAuts
     D:4: 1489 daAuts
     D:3: 1049 daAuts
     D:1: 964 daAuts
     D:2: 863 daAuts
     D:6: 268 daAuts
  Temple: 30 daAuts
